 Seeded DCSS version 0.30-a0-358-g0d69a1922f (webtiles) character file.

Game seed: 8607917131626996879 (custom seed)

658 purpskrrrp the Chopper (level 7, -1/61 HPs)
             Began as a Minotaur Fighter on Nov 9, 2022.
             Was an Initiate of Gozag.
             Slain by an ogre
             ... wielding a +0 giant club
              (27 damage)
             ... on level 5 of the Dungeon.
             The game lasted 00:06:50 (4041 turns).

purpskrrrp the Chopper (Minotaur Fighter)           Turns: 4041, Time: 00:06:51

Health: -1/61      AC:  9    Str: 23    XL:     7   Next: 29%
Magic:  6/6        EV:  9    Int: 11    God:    Gozag
Gold:   664        SH:  4    Dex:  9    Spells: 6/6 levels left

rFire   . . .      SeeInvis .    a - +1 war axe
rCold   . . .      Faith    .    c - +0 buckler
rNeg    . . .      Spirit   .    l - +0 chain mail
rPois   .          Reflect  .    (helmet restricted)
rElec   .          Harm     .    m - scarf {shadows}
rCorr   .          Rampage  .    (no gloves)
Will    .....                    (no boots)
Stlth   ..........               r - amulet of regeneration
HPRegen 1.10/turn                n - +6 ring of intelligence
MPRegen 0.10/turn                (no ring)

@: gold aura
A: horns 2, retaliatory headbutt
a: Renounce Religion, Potion Petition, Call Merchant, Bribe Branch


You were on level 5 of the Dungeon.
You worshipped Gozag.
Gozag was pleased with you.
You visited 1 branch of the dungeon, and saw 5 of its levels.

You collected 664 gold pieces.

Inventory:

Hand Weapons
 a - a +1 war axe (weapon)
Missiles
 j - a throwing net (quivered)
Armour
 b - a +0 scale mail
 c - a +0 buckler (worn)
 l - a +0 chain mail (worn)
 m - a scarf of shadows (worn)
Jewellery
 n - a +6 ring of intelligence (left hand)
 r - an amulet of regeneration (around neck)
Scrolls
 f - 2 scrolls of noise
 h - a scroll of poison
 k - 3 scrolls of fog
 o - 2 scrolls of enchant weapon
 p - 2 scrolls of teleportation
 q - 4 scrolls of magic mapping
 s - a scroll of vulnerability
Potions
 e - a potion of curing
 i - a potion of brilliance
 t - a potion of ambrosia


   Skills:
 + Level 5.1 Fighting
 * Level 5.6 Axes
 + Level 5.1 Armour
 * Level 4.4 Dodging
 + Level 5.1 Shields


You had 6 spell levels left.
You didn't know any spells.
Your spell library contained the following spells:

 Spells                   Type           Power      Damage    Failure   Level
 Slow                     Hex            0%         N/A       97%         1
 Summon Small Mammal      Summ           0%         N/A       97%         1
 Call Canine Familiar     Summ           0%         N/A       100%        3
 Confusing Touch          Hex            0%         N/A       100%        3
 Summon Guardian Golem    Hex/Summ       0%         N/A       100%        3
 Vampiric Draining        Necr           0%         2d6       100%        3


Dungeon Overview and Level Annotations

Branches:
Dungeon (5/15)
 Temple: D:4-7

Altars:
Gozag


Innate Abilities, Weirdness & Mutations

You have a pair of horns on your head.
You reflexively headbutt those who attack you in melee.


Message History

The hound is severely wounded.
The hound bites you but does no damage.
You hit the hound but do no damage.
You headbutt the hound, but do no damage.
The hound is severely wounded.
You block the hound's attack. The hound bites you but does no damage.
You barely miss the hound. Your headbutt misses the hound.
The hound is heavily wounded.
The hound closely misses you. The hound bites you but does no damage.
You slash the hound!
You kill the hound!
The hound barely misses you. You furiously retaliate!
You headbutt the hound. You slash the hound! You headbutt the hound.
The hound is almost dead.
You block the hound's attack. The hound closely misses you.
You furiously retaliate!
You headbutt the hound.
You kill the hound!
You barely miss the orc. Your headbutt misses the orc.
The orc hits you with a +0 mace.
You hit the orc. You headbutt the orc.
You kill the orc!
You barely miss the ogre. The ogre misses you. You furiously retaliate!
You headbutt the ogre. You slash the ogre!
The ogre is heavily wounded.
The ogre hits you with a +0 giant club!!
You slash the ogre! Your headbutt misses the ogre.
The ogre is severely wounded.
The ogre hits you with a +0 giant club!
You are too injured to fight recklessly!
You are too injured to fight recklessly!
You are too injured to fight recklessly!
You are too injured to fight recklessly!
You are too injured to fight recklessly!
You are too injured to fight recklessly!
You completely miss the ogre.
The ogre is severely wounded.
The ogre hits you with a +0 giant club!!
You die...
Your body crumbles into a pile of gold.

##########
.....O@..#
#.######.# #.#.#
#.#.# #.#.# #.#.#
#<#.###.#
##.#......
#.######...####.#


You could see an ogre.

Vanquished Creatures
  A water moccasin (D:5)
  A necrophage (D:4)
  2 hounds (D:5)
  A jelly (D:5)
  An orc priest (D:3)
  Natasha (thrice) (D:3)
  3 iguanas
  3 orc wizards (D:3)
  A gnoll (D:3)
  5 adders
  A worm (D:3)
  2 dart slugs
  13 orcs
  8 ball pythons
  3 bats
  6 endoplasms
  2 giant cockroaches (D:1)
  3 goblins (D:4)
  8 hobgoblins
  3 quokkas
  5 frilled lizards
  7 kobolds
  10 rats
92 creatures vanquished.

Vanquished Creatures (others)
  5 plants (D:3)
5 creatures vanquished.

Grand Total: 97 creatures vanquished

Notes
Turn   | Place    | Note
-------+----------+-------------------------------------------
     0 | D:1      | purpskrrrp the Minotaur Fighter began the quest for the
                  | Orb.
     0 | D:1      | Reached XP level 1. HP: 19/19 MP: 0/0
   132 | D:1      | Reached skill level 1 in Dodging
   132 | D:1      | Reached XP level 2. HP: 27/27 MP: 1/1
   798 | D:2      | Reached XP level 3. HP: 33/33 MP: 2/2
   886 | D:2      | Found a faded altar of an unknown god.
   933 | D:2      | Prayed at the altar of an unknown god.
   933 | D:2      | Became a worshipper of Gozag Ym Sagoz the Greedy
  1557 | D:3      | Reached XP level 4. HP: 21/40 MP: 3/3
  1724 | D:3      | Noticed Natasha
  1736 | D:3      | Killed Natasha
  1847 | D:3      | Noticed Natasha
  1859 | D:3      | Killed Natasha
  1948 | D:3      | Reached XP level 5. HP: 16/46 MP: 4/4
  1956 | D:3      | Noticed Natasha
  2625 | D:3      | Killed Natasha
  3105 | D:4      | Reached XP level 6. HP: 53/53 MP: 5/5
  3909 | D:5      | Entered Level 5 of the Dungeon
  3935 | D:5      | Reached skill level 5 in Axes
  3968 | D:5      | Noticed a water moccasin
  3979 | D:5      | Killed a water moccasin
  3980 | D:5      | Reached skill level 5 in Fighting
  3980 | D:5      | Reached skill level 5 in Armour
  3980 | D:5      | Reached XP level 7. HP: 28/61 MP: 6/6
  3990 | D:5      | Reached skill level 5 in Shields
  4041 | D:5      | Slain by an ogre

Illustrated notes

Levels and vault maps discovered:
D:1:      amcnicky_arrival_underground_garden, layout_basic
D:2:      layout_loops_ring, chequers_ecumenical_altar_island
D:3:      layout_basic, serial_bayou_crossing, uniq_natasha
D:4:      layout_cave_pods, hangedman_abyss_or_decor_passed
D:5:      layout_loops_ring, mainiacjoe_overflow_24_doors,
          gammafunk_ghost_stat_death

Skill      XL: |  1  2  3  4  5  6  7 |
---------------+----------------------+-----
Dodging        | 1 2 3 4 |  4.4
Axes           | 3 4 5 |  5.6
Shields        | 4 5 |  5.1
Fighting       | 4 5 |  5.1
Armour         | 4 5 |  5.1

Action                   |  1- 3 |  4- 6 |  7- 9 || total
-------------------------+-------+-------+-------++-------
Melee: War axe           |    75 |   154 |    20 ||   249
       Headbutt          |     7 |    14 |     4 ||    25
  Use: Potion            |     2 |     2 |     1 ||     5
       Scroll            |       |    10 |       ||    10
Armor: Scale mail        |    26 |       |       ||    26
       Chain mail        |     3 |   110 |    10 ||   123
Dodge: Dodged            |    31 |    48 |     6 ||    85
Block: Buckler           |    14 |    22 |     3 ||    39

Table legend: (Time is in decaauts)
 A = Elapsed time spent in this place.
 B = Non-inter-level travel time spent in this place.
 C = Inter-level travel time spent in this place.
 D = Time resting spent in this place.
 E = Time spent auto-exploring this place.
 F = Levels seen in this place.
 G = Mean time per level.
                   A        B        C        D        E       F      G
               +--------+--------+--------+--------+--------+-----+--------+
         Total |   4155 |   4044 |    111 |    219 |   3058 |   5 |  831.0 |
       Dungeon |   4155 |   4044 |    111 |    219 |   3058 |   5 |  831.0 |
               +--------+--------+--------+--------+--------+-----+--------+

Top non-repeatable levels by time:
     D:3: 1682 daAuts
     D:4: 972 daAuts
     D:1: 764 daAuts
     D:2: 594 daAuts
     D:5: 141 daAuts
